 Dungeon Crawl Stone Soup version bcrawl-1.21.3-2-g9d8a61a446 (webtiles) character file.

Game seed: 12504769988882667872

92 MisterOstroum the Skirmisher (level 4, -3/30 HPs)
             Began as a Vine Stalker Martial Artist on Apr 18, 2020.
             Was a Believer of Wu Jian.
             Slain by a scorpion (10 damage)
             ... on level 3 of the Dungeon.
             The game lasted 00:02:25 (1794 turns).

MisterOstroum the Skirmisher (VSMA)                 Turns: 1794, Time: 00:02:26

Health: -3/30      AC:  3    Str: 15    XL:     4   Next: 60%
Magic:  5/6        EV: 13    Int:  9    God:    Wu Jian [**....]
Gold:   211        SH:  0    Dex: 17    Spells: 2/5 levels left

rFire    . . .     SeeInvis .     - Unarmed
rCold    . . .     Gourm    .   (no shield)
rNeg     . . .     Faith    .   a - +0 robe
rPois    .         Spirit   .   (no helmet)
rElec    .         Reflect  .   f - +0 cloak
rCorr    .         Harm     .   (no gloves)
MR       .....                  (no boots)
Stlth    +.........             (no amulet)
HPRegen  0.50/turn              (no ring)
MPRegen  0.10/turn              (no ring)

@: lethally poisoned (-3 -> -3), confusing touch, glowing
A: fangs 2, regeneration 1, no potion heal 3, rot immunity, strong jaws
a: Wall Jump, Serpent's Lash, Renounce Religion


You were on level 3 of the Dungeon.
You worshipped Wu Jian.
Wu Jian was pleased with you.
You were not hungry.

You visited 1 branch of the dungeon, and saw 3 of its levels.

You collected 211 gold pieces.

Inventory:

Hand Weapons
 i - a +0 short sword
Missiles
 d - 51 tomahawks
 k - 444 stones (quivered)
 q - 118 sling bullets
 r - 113 tomahawks of dispersal
 s - 125 arrows
Armour
 a - a +0 robe (worn)
 f - a +0 cloak (worn)
Jewellery
 n - an uncursed amulet of regeneration {unknown}
Scrolls
 c - 3 scrolls of teleportation {unknown}
 g - 3 scrolls of remove curse {unknown}
 h - 2 scrolls of magic mapping {unknown}
 l - a scroll of enchant armour {unknown}
 m - a scroll of immolation {unknown}
 o - a scroll of enchant weapon {unknown}
 v - a scroll of noise {unknown}
Potions
 b - 2 potions of agility {@q5 !q}
 j - a potion of degeneration {unknown}
 p - 3 potions of heal wounds {unknown}
 t - a potion of curing {unknown}
 u - a potion of brilliance {unknown}
Comestibles
 e - 6 rations {!d}
 w - 4 chunks of flesh


   Skills:
 + Level 4.4 Fighting
 - Level 3.0 Dodging
 - Level 3.0 Stealth
 - Level 4.0 Unarmed Combat
 - Level 1.1 Spellcasting
 - Level 1.0 Hexes


You had 2 spell levels left.
You knew the following spells:

 Your Spells              Type           Power        Failure   Level  Hunger
a - Confusing Touch       Hex            #.......     24%         1    ##.....
b - Blink                 Tloc           N/A          50%         2    ###....

Your spell library contained the following spells:

 Spells                   Type           Power        Failure   Level  Hunger
 Magic Dart               Conj           #...         36%         1    ##.....
 Call Imp                 Summ           #.....       50%         2    ###....
 Conjure Flame            Conj/Fire      #.......     73%         3    ####...
 Mephitic Cloud           Conj/Pois/Air  #.......     73%         3    ####...
 Spider Form              Tmut/Pois      #..          73%         3    ####...


Dungeon Overview and Level Annotations

Branches:
Dungeon (3/12)

Altars:


Innate Abilities, Weirdness & Mutations

You have extremely sharp teeth.
Your natural rate of healing is unusually fast.
Potions cannot restore your health.
You are immune to rotting.
Your bites deal extra damage.


Message History

HP restored.
Things that are here:
a +0 dagger; a +0 robe
w - 4 chunks of flesh (gained 3)
Things that are here:
a +0 club; an orc skeleton You feel yourself speed up.
Found a stone staircase leading down.
Things that are here:
a +0 dagger; an orc corpse You butcher the orc corpse.
w - 7 chunks of flesh (gained 3)
Things that are here:
a +0 dagger; an orc skeleton
Things that are here:
a +0 dagger; an orc skeleton You now have 211 gold pieces (gained 20).
You open the door.
There is an open door here.
k - 444 stones (gained 162)
Found a hunting sling.
No target in view!
A ball python comes into view.
A ball python is nearby!
The ball python hisses angrily.
You see here a hunting sling.
Some of the chunks of flesh in your inventory have rotted away.
You closely miss the ball python. The ball python closely misses you. x2
You hit the ball python.
The ball python is severely wounded.
The ball python misses you. The ball python grabs you.
The ball python constricts you.
The ball python bites you but does no damage.
The ball python constricts you.
You closely miss the ball python. Your bite misses the ball python.
The ball python is severely wounded.
The ball python bites you but does no damage.
The ball python constricts you.
You completely miss the ball python.
The ball python is severely wounded.
The ball python barely misses you. The ball python constricts you.
You hit the ball python.
You kill the ball python!
The Council accepts your kill.
No target in view!
No target in view!
No target in view!
No target in view!
No target in view!
No target in view!
A scorpion comes into view.
A scorpion is nearby!
You lunge at the scorpion.
You closely miss the scorpion. The scorpion misses you.
You closely miss the scorpion.
You bite the scorpion, but do no damage.
The scorpion barely misses you.
You barely miss the scorpion. The scorpion barely misses you.
You completely miss the scorpion. The scorpion closely misses you.
You hit the scorpion.
The scorpion is moderately wounded.
The scorpion barely misses you.
You closely miss the scorpion.
The scorpion is moderately wounded.
The scorpion closely misses you.
You hit the scorpion but do no damage.
The scorpion is moderately wounded.
The scorpion stings you!
Casting: Confusing Touch (safe; 24% risk of failure)
Confirm with . or Enter, or press ? or * to list all spells.
Your hands begin to glow red.
The scorpion completely misses you.
You closely miss the scorpion. You bite the scorpion.
The scorpion is moderately wounded.
You hit the scorpion.
The scorpion is heavily wounded.
The scorpion barely misses you.
You hit the scorpion but do no damage.
The scorpion is heavily wounded.
The scorpion barely misses you.
You closely miss the scorpion.
You punch the scorpion, but do no damage.
The scorpion is heavily wounded.
The scorpion stings you.
You are poisoned.
The scorpion poisons you!
You hit the scorpion but do no damage.
The scorpion is heavily wounded.
You feel sick. The scorpion closely misses you.
You hit the scorpion but do no damage.
You bite the scorpion, but do no damage.
The scorpion is heavily wounded.
You feel sick. The scorpion stings you!
* * * LOW HITPOINT WARNING * * *
The scorpion seems disoriented.
You hit the scorpion.
The scorpion is severely wounded.
The scorpion misses you.
You barely miss the scorpion.
The scorpion is severely wounded.
You feel sick.
The scorpion seems less confused.
The scorpion stings you!
You die...

.. #######.###.#
.. #.# #.# ##
#.# #.# ######
#.# #.# ....>.
... #.# ####.#
#####.# #.# #.#
#...#. #.#
####.# #.#.# #.#
..รท..###.#.#
#@# .......#.#.#
#s# ###..#.#.#.#
#.# #..#.#.#.#
#.# ##.#.#.#.#
#.# #.#.#.#.#
#.# #...#.#.#
#.# #...#.#.#
#.#
####...#.#.#####


You could see a scorpion.

Vanquished Creatures
  An orc wizard (D:3)
  An adder (D:3)
  An ooze (D:1)
  2 dart slugs (D:1)
  2 leopard geckos
  3 orcs (D:3)
  A ball python (D:3)
  A giant cockroach (D:1)
  3 goblins
  3 hobgoblins
  2 jackals (D:1)
  4 kobolds
  2 quokkas
  8 bats
  2 frilled lizards
  2 rats
38 creatures vanquished.

Notes
Turn   | Place    | Note
-------+----------+-------------------------------------------
     0 | D:1      | MisterOstroum the Vine Stalker Martial Artist began the
                  | quest for the Orb.
     0 | D:1      | Reached XP level 1. HP: 13/13 MP: 3/3
   132 | D:1      | Reached XP level 2. HP: 18/18 MP: 4/4
   537 | D:1      | Reached XP level 3. HP: 23/23 MP: 5/5
  1140 | D:2      | Learned a level 2 spell: Blink
  1485 | D:3      | Reached ** piety under Wu Jian
  1555 | D:3      | HP: 1/24 [orc/+1 flail of protection (9)]
  1619 | D:3      | Reached XP level 4. HP: 29/29 MP: 4/6
  1794 | D:3      | Slain by a scorpion

Skill      XL: |  1  2  3 |
---------------+----------+-----
Stealth        | 2 3 |  3.0
Fighting       | 3 4 |  4.4
Dodging        | |  3.0
Unarmed Combat | |  4.0
Spellcasting   | |  1.1
Hexes          | |  1.0

Action                   |  1- 3 |  4- 6 || total
-------------------------+-------+-------++-------
Melee: Unarmed           |    97 |    30 ||   127
       Bite              |    14 |     4 ||    18
       Punch             |     1 |     2 ||     3
 Cast: Confusing Touch   |    10 |     2 ||    12
Invok: Lunge             |    13 |     2 ||    15
       Whirlwind         |       |     1 ||     1
 Stab: Sleeping          |     6 |       ||     6
       Confused          |     2 |       ||     2
  Eat: Chunk             |     3 |       ||     3
Armor: Robe              |    18 |     2 ||    20
Dodge: Dodged            |    49 |    23 ||    72
